 Dungeon Crawl Stone Soup version 0.28-a0-983-g1de4e0787c (webtiles) character file.

Game seed: 6703393317371596629

388 tatocazan the Skirmisher (level 6, -10/49 HPs)
             Began as a Demonspawn Fighter on Dec 3, 2021.
             Mangled by an ogre (22 damage)
             ... on level 4 of the Dungeon.
             The game lasted 00:04:15 (4964 turns).

tatocazan the Skirmisher (Demonspawn Fighter)       Turns: 4964, Time: 00:04:16

Health: -10/49     AC:  8    Str: 19    XL:     6   Next: 49%
Magic:  6/6        EV:  9    Int:  9    God:
Gold:   324        SH:  5    Dex: 12    Spells: 5/5 levels left

rFire   . . .      SeeInvis .   a - +0 war axe
rCold   . . .      Faith    .   c - +0 buckler
rNeg    . . .      Spirit   .   b - +0 scale mail
rPois   .          Reflect  .   (helmet restricted)
rElec   .          Harm     .   k - +0 cloak
rCorr   .          Rampage  .   (no gloves)
Will    .....                   (no boots)
Stlth   ..........              (no amulet)
HPRegen 0.16/turn               (no ring)
MPRegen 0.10/turn               (no ring)

@: no status effects
A: antennae 2, weakness stinger 1, demonic touch 1
a: no special abilities


You were on level 4 of the Dungeon.
You visited 1 branch of the dungeon, and saw 4 of its levels.

You collected 324 gold pieces.

Inventory:

Hand Weapons
 a - a +0 war axe (weapon)
Missiles
 i - 28 poisoned darts (quivered)
 u - a curare-tipped dart
Armour
 b - a +0 scale mail (worn)
 c - a +0 buckler (worn)
 k - a +0 cloak (worn)
Jewellery
 j - a +6 ring of intelligence
 m - a ring of positive energy
 p - a ring of flight
Scrolls
 e - 5 scrolls of identify {unknown}
 n - 2 scrolls of noise {unknown}
 o - a scroll of teleportation {unknown}
 r - 2 scrolls of brand weapon {unknown}
 s - a scroll of fog {unknown}
Potions
 d - a potion of might
 f - 2 potions of curing {unknown}
 g - a potion of degeneration {unknown}
 h - a potion of heal wounds {unknown}
 l - a potion of haste {unknown}
 q - a potion of brilliance {unknown}
 t - a potion of mutation {unknown}


   Skills:
 + Level 4.4 Fighting
 + Level 3.4 Axes
 + Level 4.1 Armour
 + Level 4.0 Shields


You had 5 spell levels left.
You didn't know any spells.
Your spell library contained the following spells:

 Spells                   Type           Power      Damage    Failure   Level
 Sandblast                Erth           0%         2d4       75%         1
 Summon Small Mammal      Summ           0%         N/A       75%         1
 Corpse Rot               Necr/Air       0%         N/A       87%         2
 Passwall                 Tmut/Erth      0%         N/A       87%         2
 Call Canine Familiar     Summ           0%         N/A       98%         3
 Stone Arrow              Conj/Erth      0%         3d7       98%         3
 Summon Guardian Golem    Hex/Summ       0%         N/A       98%         3
 Dispel Undead            Necr           0%         3d6       100%        4
 Fulminant Prism          Conj/Hex       0%         3d6       100%        4
 Iskenderun's Mystic Bla  Conj/Tloc      0%         2d3       100%        4
 Summon Ice Beast         Ice/Summ       0%         N/A       100%        4
 Lee's Rapid Deconstruct  Erth           0%         3d5*      100%        5
 Summon Mana Viper        Hex/Summ       0%         N/A       100%        5
 Death Channel            Necr           0%         N/A       100%        6
 Monstrous Menagerie      Summ           0%         N/A       100%        7


Dungeon Overview and Level Annotations

Branches:
Dungeon (4/15)
 Temple: D:4-7

Altars:
Ashenzari
Cheibriados
Elyvilon
Gozag
Makhleb
Qazlal
Trog


Innate Abilities, Weirdness & Mutations

You have a pair of antennae on your head.
You have a small tail.
Your touch may inflict minor irresistible damage on your foes.


Message History

The ogre is lightly wounded.
The ogre barely misses you.
You completely miss the ogre.
The ogre is lightly wounded.
The ogre hits you with a +0 giant club!!
You take 24 damage, and have 25/49 hp.
MASSIVE DAMAGE!!
You are too injured to fight recklessly!
You are too injured to fight recklessly!
You are too injured to fight recklessly!
You are too injured to fight recklessly!
You are too injured to fight recklessly!
You are too injured to fight recklessly!
You are too injured to fight recklessly!
You are too injured to fight recklessly!
You are too injured to fight recklessly!
You are too injured to fight recklessly!
You are too injured to fight recklessly!
You are too injured to fight recklessly!
You are too injured to fight recklessly!
You are too injured to fight recklessly!
You are too injured to fight recklessly!
You are too injured to fight recklessly!
You are too injured to fight recklessly!
You are too injured to fight recklessly!
You are too injured to fight recklessly!
You are too injured to fight recklessly!
You are too injured to fight recklessly!
You are too injured to fight recklessly!
You hit the ogre. You tail-slap the ogre.
The ogre is moderately wounded.
The ogre closely misses you.
You slash the ogre!
The ogre is severely wounded.
The ogre hits you with a +0 giant club!
* * * LOW HITPOINT WARNING * * *
You take 13 damage, and have 12/49 hp.
MASSIVE DAMAGE!!
You slash the ogre!
The ogre is almost dead.
The ogre hits you with a +0 giant club!!
You die...

#.........#.....#####
# ##.......###.##.# #
#.......# #.##.# #
#.......###.##'## #
#...........#...## #
#.......####.....## #
#.......###.......## #
#.......##.........###
##...@...+.........'..
##..O####.........###
##... ##.......##
....# ##.....## #....#
##...## ....## ##+##
##.#.# #.#.#


You could see an ogre.

Vanquished Creatures
  A kobold brigand (D:4)
  A hound (D:4)
  A centaur skeleton (D:3)
  Jessica (D:3)
  Terence (D:3)
  Robin (D:4)
  3 gnolls (D:2)
  7 adders
  A worm (D:3)
  8 dart slugs
  6 orcs (D:3)
  4 ball pythons
  5 endoplasms
  2 giant cockroaches
  15 goblins
  6 hobgoblins
  3 jackals (D:1)
  2 quokkas
  7 bats
  8 frilled lizards
  6 kobolds
  6 rats
95 creatures vanquished.

Vanquished Creatures (others)
  2 fungi (D:1)
  15 plants (D:1)
  2 toadstools (D:1)
19 creatures vanquished.

Grand Total: 114 creatures vanquished

Notes
Turn   | Place    | Note
-------+----------+-------------------------------------------
     0 | D:1      | tatocazan the Demonspawn Fighter began the quest for the
                  | Orb.
     0 | D:1      | Reached XP level 1. HP: 18/18 MP: 1/1
   445 | D:1      | Discovered your monstrous ancestry.
   445 | D:1      | Gained mutation: You have a small tail. [demonic ancestry]
   445 | D:1      | Reached XP level 2. HP: 22/24 MP: 2/2
  1137 | D:2      | Reached XP level 3. HP: 27/29 MP: 3/3
  1739 | D:2      | Gained mutation: Your touch may inflict minor irresistible
                  | damage on your foes. [demonic ancestry]
  1739 | D:2      | Reached XP level 4. HP: 26/35 MP: 4/4
  1846 | D:2      | Found a faded altar of an unknown god.
  2775 | D:3      | Gained mutation: You have a pair of small antennae on your
                  | head. [demonic ancestry]
  2775 | D:3      | Reached XP level 5. HP: 32/42 MP: 5/5
  3457 | D:3      | Noticed Jessica
  3462 | D:3      | Killed Jessica
  3767 | D:3      | Noticed Terence
  3779 | D:3      | Killed Terence
  3966 | D:4      | Found a snail-covered altar of Cheibriados.
  3992 | D:4      | Noticed Robin
  4008 | D:4      | Killed Robin
  4009 | D:4      | Gained mutation: You have a pair of antennae on your head.
                  | [demonic ancestry]
  4009 | D:4      | Reached XP level 6. HP: 42/48 MP: 6/6
  4862 | D:4      | Found a burning altar of Makhleb.
  4867 | D:4      | Found a stormy altar of Qazlal.
  4868 | D:4      | Found an opulent altar of Gozag.
  4868 | D:4      | Found a bloodstained altar of Trog.
  4873 | D:4      | Found a broken altar of Ashenzari.
  4964 | D:4      | Mangled by an ogre

Illustrated notes

Levels and vault maps discovered:
D:1:      saegor_arrival_simple_b, layout_rooms, minmay_misc_feat_ornament,
          minmay_gold_behind_fungi, serial_bayou_lagoon_a
D:2:      layout_loops_ring, basic_ecumenical_altar
D:3:      layout_loops_corners, uniq_jessica, uniq_terence
D:4:      layout_loops_corners, minitemple, uniq_robin

Skill      XL: |  1  2  3  4  5  6 |
---------------+-------------------+-----
Axes           | 2 3 |  3.4
Armour         | 3 4 |  4.1
Shields        | 3 4 |  4.0
Fighting       | 4 |  4.4

Action                   |  1- 3 |  4- 6 || total
-------------------------+-------+-------++-------
Melee: War axe           |   117 |   169 ||   286
       Tailslap          |    17 |    26 ||    43
Throw: Dart              |     5 |       ||     5
Armor: Scale mail        |    68 |   115 ||   183
Dodge: Dodged            |    56 |    67 ||   123
Block: Buckler           |    17 |    34 ||    51

Table legend: (Time is in decaauts)
 A = Elapsed time spent in this place.
 B = Non-inter-level travel time spent in this place.
 C = Inter-level travel time spent in this place.
 D = Time resting spent in this place.
 E = Time spent auto-exploring this place.
 F = Levels seen in this place.
 G = Mean time per level.
                   A        B        C        D        E       F      G
               +--------+--------+--------+--------+--------+-----+--------+
         Total |   5082 |   4961 |    121 |   1272 |   2983 |   4 | 1270.5 |
       Dungeon |   5082 |   4961 |    121 |   1272 |   2983 |   4 | 1270.5 |
               +--------+--------+--------+--------+--------+-----+--------+

Top non-repeatable levels by time:
     D:2: 1502 daAuts
     D:3: 1447 daAuts
     D:1: 1115 daAuts
     D:4: 1017 daAuts
